 Dungeon Crawl Stone Soup version 0.29.1-15-g9cfb28693d (webtiles) character file.

Game seed: 4142280367008555837

25 raph the Trooper (level 3, -3/33 HPs)
             Began as a Hill Orc Fighter on Apr 25, 2023.
             Slain by Sigmund
             ... wielding a +2 scythe of flaming
              (5 damage)
             ... on level 2 of the Dungeon.
             The game lasted 00:01:01 (845 turns).

raph the Trooper (Hill Orc Fighter)                  Turns: 845, Time: 00:01:01

Health: -3/33      AC:  6    Str: 18    XL:     3   Next: 6%
Magic:  3/3        EV:  9    Int:  8    God:
Gold:   44         SH:  0    Dex: 12    Spells: 2/2 levels left

rFire   . . .      SeeInvis .   e - +0 battleaxe
rCold   . . .      Faith    .   (shield currently unavailable)
rNeg    . . .      Spirit   .   b - +0 scale mail
rPois   .          Reflect  .   (no helmet)
rElec   .          Harm     .   (no cloak)
rCorr   .          Rampage  .   (no gloves)
Will    .....                   (no boots)
Stlth   ..........              (no amulet)
HPRegen 0.11/turn               (no ring)
MPRegen 0.08/turn               (no ring)

@: no status effects
A: no striking features
a: no special abilities


You were on level 2 of the Dungeon.
You visited 1 branch of the dungeon, and saw 2 of its levels.

You collected 44 gold pieces.

Inventory:

Hand Weapons
 a - a +0 war axe
 e - a +0 battleaxe (weapon)
Armour
 b - a +0 scale mail (worn)
 c - a +0 buckler
Scrolls
 f - a scroll of identify {unknown}
 i - a scroll of teleportation {unknown}
 k - 3 scrolls of poison {unknown}
 l - a scroll of butterflies {unknown}
 o - a scroll of summoning {unknown}
 p - a scroll of enchant weapon {unknown}
 q - a scroll of enchant armour {unknown}
Potions
 d - a potion of might
 g - a potion of attraction {unknown}
 h - a potion of heal wounds {unknown}
 j - a potion of flight {unknown}
 m - a potion of haste {unknown}
 n - a potion of lignification {unknown}
 r - a potion of ambrosia {unknown}


   Skills:
 - Level 4.0 Fighting
 + Level 3.4 Axes
 - Level 3.6 Armour
 - Level 3.5 Shields


You had 2 spell levels left.
You didn't know any spells.
Your spell library contained the following spells:

 Spells                   Type           Power      Damage    Failure   Level
 Poisonous Vapours        Pois/Air       0%         N/A       90%         2
 Corpse Rot               Necr/Pois/Air  0%         N/A       100%        4


Dungeon Overview and Level Annotations

Branches:
Dungeon (2/15)

Altars:

Annotations:
D:2 Sigmund


Message History

You start resting.
HP restored.
You pick up a book of Vapours and begin reading...
You add the spells Poisonous Vapours and Corpse Rot to your library.
Your movement speed is average.
Your attack delay is about 1.5.
A worm comes into view.
Found a stone staircase leading up.
You barely miss the worm. The worm bites you but does no damage.
You slash the worm!
The worm is severely wounded.
The worm barely misses you.
You slice the worm!!
You kill the worm!
You have reached level 3!
Your experience leads to an increase in your attributes!
Increase (S)trength, (I)ntelligence, or (D)exterity?
You feel agile. x2
Found a stone staircase leading down.
There is a stone staircase leading down here.
Sigmund the Dreaded comes into view.
He is wielding a +2 scythe of flaming and wearing a +2 robe of willpower.
Found 4 gold pieces.
Sigmund shouts!
Sigmund mumbles some strange words.
Sigmund flickers and vanishes!
Deactivating autopickup; reactivate with Ctrl-A.
No target in view!
Something hits you. Something burns you. Something hits you.
Something burns you.
You closely miss something. Something hits you but does no damage.
You miss something.
You hear some strange, mumbled words.
A puff of flame appears from out of thin air!
The puff of flame hits you!
You closely miss something. Something hits you!
* * * LOW HITPOINT WARNING * * *
Something burns you.
* * * LOW HITPOINT WARNING * * *
Okay, then.
Something hits you.
You die...

##. . .. #
##. #$.#
.###... ####
#.......##
....#. #.
#..{.##......
#.
#......./.#
##.#
##.@#...##
...
##......##
#.###......##
##....>.....#
#...###.#..##
#.#.# #.#...#
#.#.###.#.###
# #.#...#<#
##.#...##..#


There were no monsters in sight!

Vanquished Creatures
  An adder (D:2)
  A worm (D:2)
  2 endoplasms (D:1)
  3 hobgoblins
  A quokka (D:2)
  3 ball pythons (D:1)
  A bat (D:1)
  2 rats (D:1)
14 creatures vanquished.

Notes
Turn   | Place    | Note
-------+----------+-------------------------------------------
     0 | D:1      | raph the Hill Orc Fighter began the quest for the Orb.
     0 | D:1      | Reached XP level 1. HP: 19/19 MP: 1/1
   211 | D:1      | Found a faded altar of an unknown god.
   264 | D:1      | Reached XP level 2. HP: 27/27 MP: 2/2
   727 | D:2      | Reached skill level 4 in Fighting
   827 | D:2      | Reached XP level 3. HP: 33/33 MP: 3/3
   839 | D:2      | Noticed Sigmund
   845 | D:2      | Slain by Sigmund

Illustrated notes

Levels and vault maps discovered:
D:1:      dpeg_arrival_boxes_within_box, layout_basic,
          ebering_ecumenical_altar_sacrificial, chequers_serial_rivers_micro_d,
          minmay_unequal
D:2:      layout_rooms, st_stairs_13, uniq_sigmund, uniq_crazy_yiuf_cottage

Skill      XL: |  1  2 |
---------------+-------+-----
Axes           | 3 |  3.4
Fighting       | 4 |  4.0
Armour         | |  3.6
Shields        | |  3.5

Action                   || total
-------------------------++-------
Melee: Battleaxe         ||    36
Armor: Scale mail        ||    18
Dodge: Dodged            ||    21
